 Dungeon Crawl Stone Soup version 0.31-a0-968-g24f9ace8b5 (webtiles) character file.

Game seed: 5144681766776008644

964 Zdeegee the Sneak (level 7, -4/54 HPs)
             Began as a Demonspawn Brigand on Oct 28, 2023.
             Slain by a gnoll sergeant
             ... wielding a +1 trident of venom
              (5 damage)
             ... on level 5 of the Dungeon.
             The game lasted 00:11:32 (4322 turns).

Zdeegee the Sneak (Demonspawn Brigand)              Turns: 4322, Time: 00:11:32

Health: -4/54      AC:  6    Str: 12    XL:     7   Next: 93%
Magic:  9/9        EV: 13    Int: 12    God:
Gold:   103        SH:  0    Dex: 16    Spells: 6/6 levels left

rFire   . . .        a - +3 dagger
rCold   . . .        (no shield)
rNeg    . . .        b - +0 robe
rPois   .            p - +0 helmet
rElec   .            k - +0 cloak
rCorr   .            (no gloves)
SInv    .            (no boots)
Will    .....        (no amulet)
Stlth   +++          (no ring)
HPRegen 0.29/turn    (no ring)
MPRegen 0.22/turn

%: no passive effects
@: lethally poisoned (-4 -> -12)
A: rugged brown scales 2, magic regeneration, demonic touch 2
a: no special abilities


You were on level 5 of the Dungeon.
You visited 1 branch of the dungeon, and saw 6 of its levels.

You collected 103 gold pieces.

Inventory:

Hand Weapons
 a - a +3 dagger (weapon)
 r - a +1 whip of electrocution
Missiles
 d - 23 poisoned darts (quivered)
 e - 3 curare-tipped darts
Armour
 b - a +0 robe (worn)
 c - a +0 cloak
 k - a +0 cloak (worn)
 p - a +0 helmet (worn)
Wands
 o - a wand of mindburst (15)
Scrolls
 h - a scroll of blinking
 i - a scroll of amnesia {unknown}
 j - a scroll of fog {unknown}
 l - 3 scrolls of noise {unknown}
 m - 4 scrolls of enchant weapon
 n - 2 scrolls of revelation {unknown}
 t - a scroll of immolation {unknown}
Potions
 f - 4 potions of enlightenment
 q - a potion of magic


   Skills:
 * Level 3.5 Fighting
 * Level 4.3 Short Blades
 + Level 2.1 Throwing
 * Level 2.4 Armour
 * Level 3.1 Dodging
 + Level 5.1 Stealth
 * Level 2.8 Hexes
 * Level 3.0 Invocations
 + Level 0.2 Evocations


You had 6 spell levels left.
You didn't know any spells.
Your spell library contained the following spells:

 Spells                   Type           Power      Damage    Failure   Level
 Ozocubu's Armour         Ice            0%         N/A       69%         3
 Ozocubu's Refrigeration  Ice            0%         4d7       100%        7


Dungeon Overview and Level Annotations

Branches:
Dungeon (6/15)             Temple (0/1) D:5

Altars:
Vehumet

Shops:
D:1 :


Innate Abilities, Weirdness & Mutations

You are mostly covered in rugged brown scales. (AC +2, +5% HP)
You regenerate magic rapidly.
Your touch may inflict irresistible damage on your foes.


Message History

An orc comes into view. It is wielding a +0 war axe.
The gnoll sergeant blocks your attack.
The gnoll sergeant shouts!
You hear a shout!
The gnoll sergeant hits you with a +1 trident of venom!
You are poisoned.
You hear a shout!
The orc shouts!
You hit the gnoll sergeant but do no damage.
Your touch misses the gnoll sergeant.
You feel very sick. The gnoll sergeant closely misses you.
You hit the gnoll sergeant but do no damage.
You touch the gnoll sergeant!
The gnoll sergeant is heavily wounded.
You feel very sick.
You hit the gnoll sergeant but do no damage.
The gnoll sergeant is heavily wounded.
You feel sick.
An orc comes into view. It is wielding a +0 mace.
The gnoll sergeant misses you.
You closely miss the gnoll sergeant.
The gnoll sergeant is heavily wounded.
You feel sick.
The gnoll sergeant hits you with a +1 trident of venom.
You are too injured to fight recklessly!
You are too injured to fight recklessly!
You feel sick. The orc attacks as it pursues you!
The orc hits you with a +0 quarterstaff.
The gnoll sergeant hits you from afar with a +1 trident of venom!
* * * LOW HITPOINT WARNING * * *
You are lethally poisoned!
* * * LOW HITPOINT WARNING * * *
You feel very sick.
* * * LOW HITPOINT WARNING * * *
You feel very sick.
* * * LOW HITPOINT WARNING * * *
You feel very sick.
The gnoll sergeant attacks as it pursues you!
The gnoll sergeant hits you from afar with a +1 trident of venom.
You die...

............# ########...## #og.#
#g..# #######...# ......#o.o#
#######g..# ### #...# ..# #@..#
#. #.# #...# #.. #.#
#...########.. . #.#######
#...#......... .. #.#.....#
#...###### #..#### #.#.....#
#...# #...... #.......# #...#
#....## #.......########...#
##......
#..................###+###.....##


You could see a gnoll sergeant, 2 gnolls and 3 orcs.

Vanquished Creatures
  A water moccasin (D:5)
  A black bear (D:6)
  5 scorpions
  2 howler monkeys
  An orc priest (D:6)
  A hound (D:2)
  2 iguanas (D:4)
  A sleepcap (D:4)
  Ijyb (D:3)
  An orc wizard (D:3)
  2 gnolls
  4 adders
  2 white imps (D:5)
  2 ufetubi (D:5)
  4 worms
  4 dart slugs
  13 orcs
  8 bats
  7 endoplasms
  A giant cockroach (D:1)
  4 goblins
  5 hobgoblins
  11 jackals
  11 kobolds
  4 quokkas
  6 ball pythons
  3 frilled lizards
  2 rats
109 creatures vanquished.

Notes
Turn   | Place    | Note
-------+----------+-------------------------------------------
     0 | D:1      | Zdeegee the Demonspawn Brigand began the quest for the Orb.
     0 | D:1      | Reached XP level 1. HP: 16/16 MP: 1/1
    77 | D:1      | Reached skill level 4 in Stealth
   117 | D:1      | Gained mutation: You regenerate magic rapidly. [demonic
                  | ancestry]
   117 | D:1      | Reached XP level 2. HP: 22/22 MP: 2/2
   172 | D:1      | Found Kefol's Book Emporium.
   261 | D:1      | Reached skill level 1 in Hexes
   380 | D:1      | Reached XP level 3. HP: 24/27 MP: 3/3
   707 | D:2      | Reached skill level 1 in Dodging
   882 | D:2      | Gained mutation: Your touch may inflict minor irresistible
                  | damage on your foes. [demonic ancestry]
   882 | D:2      | Reached XP level 4. HP: 28/34 MP: 4/4
  1014 | D:2      | Found a radiant altar of Vehumet.
  1430 | D:3      | Noticed Ijyb
  1437 | D:3      | Killed Ijyb
  1438 | D:3      | Reached skill level 1 in Armour
  1438 | D:3      | Reached skill level 1 in Invocations
  1485 | D:3      | Noticed a scorpion
  1496 | D:3      | Killed a scorpion
  1497 | D:3      | Gained mutation: You are partially covered in rugged brown
                  | scales. (AC +1, +3% HP) [demonic ancestry]
  1497 | D:3      | Reached XP level 5. HP: 31/40 MP: 4/6
  2639 | D:4      | Gained mutation: Your touch may inflict irresistible damage
                  | on your foes. [demonic ancestry]
  2639 | D:4      | Reached XP level 6. HP: 47/47 MP: 7/7
  3306 | D:4      | Gained mutation: You are mostly covered in rugged brown
                  | scales. (AC +2, +5% HP) [demonic ancestry]
  3306 | D:4      | Reached XP level 7. HP: 44/54 MP: 8/8
  3585 | D:5      | Entered Level 5 of the Dungeon
  3689 | D:5      | Reached skill level 5 in Stealth
  4242 | D:5      | Found a staircase to the Ecumenical Temple.
  4322 | D:5      | HP: 1/54 [poisoned by a gnoll sergeant]
  4322 | D:5      | Slain by a gnoll sergeant

Illustrated notes

Levels and vault maps discovered:
D:1:      minmay_arrival_arboretum_small, layout_basic, serial_shops, shop
D:2:      layout_loops_ring, basic_altar
D:3:      layout_basic, uniq_ijyb
D:4:      old_forge, layout_basic
D:5:      layout_gridville, minmay_temple_entry_glass, serial_co_window_serial,
          co_window_corner_a, co_window_corner_a, co_window_paths_a,
          co_window_corner_a, co_window_of_opportunity_a, co_window_corner_a,
          co_window_cross_1, co_window_unsneaky_path_c, co_window_paths_c,
          co_window_broadway_c, co_window_of_opportunity_c,
          co_window_broadway_a, co_window_of_opportunity_b, glass_columns_c,
          glass_columns_a, glass_columns_a, glass_columns_c
D:6:      layout_cave_pods, amcnicky_altar_gilded,
          chequers_serial_rivers_room_a, nicolae_underground_beach, uniq_pikel,
          uniq_eustachio

Skill      XL: |  1  2  3  4  5  6  7 |
---------------+----------------------+-----
Stealth        | 4 5 |  5.1
Hexes          | 1 2 |  2.8
Dodging        | 1 2 3 |  3.1
Short Blades   | 2 3 4 |  4.3
Armour         | 1 2 |  2.4
Invocations    | 1 2 3 |  3.0
Fighting       | 3 |  3.5
Throwing       | 2 |  2.1
Evocations     | |  0.2

Action                     |  1- 3 |  4- 6 |  7- 9 || total
---------------------------+-------+-------+-------++-------
  Melee: Dagger            |   112 |   145 |    73 ||   330
         Punch             |     1 |       |     1 ||     2
         Touch             |       |    31 |     9 ||    40
  Throw: Dart              |       |     8 |       ||     8
  Evoke: Wand              |       |       |     7 ||     7
    Use: Scroll            |     1 |     6 |       ||     7
         Potion            |       |       |     2 ||     2
   Stab: Sleeping          |     3 |    12 |     4 ||    19
 Armour: Robe              |    74 |    57 |    68 ||   199
  Dodge: Dodged            |    74 |    57 |    65 ||   196

Table legend: (Time is in decaauts)
 A = Elapsed time spent in this place.
 B = Non-inter-level travel time spent in this place.
 C = Inter-level travel time spent in this place.
 D = Time resting spent in this place.
 E = Time spent auto-exploring this place.
 F = Levels seen in this place.
 G = Mean time per level.
                   A        B        C        D        E       F      G
               +--------+--------+--------+--------+--------+-----+--------+
         Total |   4274 |   4086 |    188 |    317 |   2855 |   6 |  712.3 |
       Dungeon |   4274 |   4086 |    188 |    317 |   2855 |   6 |  712.3 |
               +--------+--------+--------+--------+--------+-----+--------+

Top non-repeatable levels by time:
     D:4: 1198 daAuts
     D:3: 959 daAuts
     D:2: 706 daAuts
     D:1: 687 daAuts
     D:5: 467 daAuts
     D:6: 256 daAuts
